 Dungeon Crawl Stone Soup version 0.31-a0-232-gb1c03b2570 (webtiles) character file.

Game seed: 7985847141427742871

21 qw the Shooter (level 2, -3/17 HPs)
             Began as a Gargoyle Hexslinger on July 7, 2023.
             Slain by Terence
             ... wielding a +1 mace of protection
              (4 damage)
             ... on level 2 of the Dungeon.
             The game lasted 00:00:16 (673 turns).

qw the Shooter (Gargoyle Hexslinger)                 Turns: 673, Time: 00:00:16

Health: -3/17      AC:  4    Str: 11    XL:     2   Next: 87%
Magic:  3/3        EV: 12    Int: 13    God:
Gold:   27         SH:  0    Dex: 12    Spells: 2/3 levels left

rFire   . . .        Y - +1 sling
rCold   . . .        (no shield)
rNeg    + . .        c - +0 robe
rPois   inf          (no helmet)
rElec   +            (no cloak)
rCorr   .            (no gloves)
SInv    .            (no boots)
Will    .....        (no amulet)
Stlth   +            (no ring)
HPRegen 0.22/turn    (no ring)
MPRegen 0.08/turn

%: no passive effects
@: no status effects
A: sickness immunity, AC +2, negative energy resistance 1, electricity
resistance, torment resistance 1, petrification resistance
a: no special abilities


You were on level 2 of the Dungeon.
You visited 1 branch of the dungeon, and saw 2 of its levels.

You collected 27 gold pieces.


Innate Abilities, Weirdness & Mutations

You are immune to sickness and miasma.
Your stone body is resilient. (AC +2)
You are immune to poison.
You resist negative energy. (rN+)
You are resistant to electric shocks. (rElec)
You are resistant to unholy torment.
You are immune to petrification.


   Skills:
 + Level 1.8 Fighting
 - Level 3.0 Ranged Weapons
 - Level 1.5 Dodging
 - Level 1.0 Spellcasting
 - Level 2.6 Hexes


You had 2 spell levels left.
You knew the following spells:

 Your Spells              Type           Power      Damage    Failure   Level
a - Slow                  Hex            28%        N/A       10%         1

Your spell library contained the following spells:

 Spells                   Type           Power      Damage    Failure   Level
 Inner Flame              Hex/Fire       4%         N/A       43%         3
 Portal Projectile        Hex/Tloc       8%         N/A       43%         3
 Cause Fear               Hex            3%         N/A       67%         4

Inventory:

Hand Weapons
 Y - a +1 sling (weapon)
Armour
 c - a +0 robe (worn)
Potions
 e - a potion of resistance {unknown}

Dungeon Overview and Level Annotations

Branches:
Dungeon (2/15)

Altars:

Annotations:
D:2 Terence


Message History

You shoot a sling bullet.
The sling bullet hits Terence but does no damage.
Terence shouts!
You shoot a sling bullet.
The sling bullet hits Terence but does no damage.
You shoot a sling bullet.
The sling bullet hits Terence but does no damage.
You shoot a sling bullet.
The sling bullet hits Terence but does no damage.
You shoot a sling bullet.
The sling bullet hits Terence but does no damage.
You shoot a sling bullet.
The sling bullet hits Terence but does no damage.
Terence hits you with a +1 mace of protection.
You shoot a sling bullet.
The sling bullet hits Terence but does no damage.
Terence barely misses you.
You shoot a sling bullet. The sling bullet barely misses Terence.
Terence says, "Time to say good-bye..."
Terence barely misses you.
You shoot a sling bullet.
The sling bullet hits Terence but does no damage.
Terence bares his teeth.
Terence closely misses you.
You shoot a sling bullet.
The sling bullet hits Terence but does no damage.
Terence misses you. Terence barely misses you.
You shoot a sling bullet. The sling bullet barely misses Terence.
Terence hits you with a +1 mace of protection.
You shoot a sling bullet.
The sling bullet hits Terence but does no damage.
Terence hits you with a +1 mace of protection.
You shoot a sling bullet.
The sling bullet hits Terence but does no damage.
Terence closely misses you.
You shoot a sling bullet.
The sling bullet closely misses Terence.
Terence hits you with a +1 mace of protection!
Terence hits you with a +1 mace of protection.
You die...

........#
........# #####
........# #...#
..[.....# #...#
........#####...#
........#.......#
......@.#.#.#####
.......@#.#.#
..........#.#
######.####.# #.
#.# ## #<# ###


You could see Terence.

Vanquished Creatures
  A dart slug (D:1)
  2 endoplasms (D:1)
  2 hobgoblins (D:1)
  A quokka (D:1)
  3 ball pythons (D:1)
  3 bats (D:1)
  5 frilled lizards (D:1)
  A goblin (D:1)
  A kobold (D:1)
  2 rats (D:1)
21 creatures vanquished.

Notes
Turn   | Place    | Note
-------+----------+-------------------------------------------
     0 | D:1      | qw the Gargoyle Hexslinger began the quest for the Orb.
     0 | D:1      | Reached XP level 1. HP: 12/12 MP: 2/2
     0 | D:1      | 0 ||| qw: Version: 0.3-a-46-gb1f654a
     0 | D:1      | 0 ||| qw: Game counter: 2386
     0 | D:1      | 0 ||| qw: Melee chars always use a shield: true
     0 | D:1      | 0 ||| qw: God list: Okawaru
     0 | D:1      | 0 ||| qw: Allow faded altars: false
     0 | D:1      | 0 ||| qw: Do Orc after clearing Dungeon:15 true
     0 | D:1      | 0 ||| qw: Do second Lair branch before Depths: true
     0 | D:1      | 0 ||| qw: Lair rune preference: random
     0 | D:1      | 0 ||| qw: Goals: Normal
     0 | D:1      | 0 ||| PLANNING D:1-11
   134 | D:1      | Reached XP level 2. HP: 16/16 MP: 3/3
   240 | D:1      | Reached skill level 3 in Ranged Weapons
   433 | D:1      | Found a faded altar of an unknown god.
   626 | D:1      | 626 ||| READING scroll labelled XYUCOSCH ICVASK.
   629 | D:1      | 629 ||| READING scroll labelled YROUBL GIOFRY.
   630 | D:1      | 630 ||| DROPPING scroll of poison.
   659 | D:2      | Noticed Terence
   673 | D:2      | HP: 1/17 [Terence/+1 mace of protection (7)]
   673 | D:2      | Slain by Terence

Levels and vault maps discovered:
D:1:      eino_arrival_water_star, layout_loops_ring, basic_ecumenical_altar
D:2:      layout_basic, minmay_pentomino_pile, uniq_terence

Skill      XL: |  1  2 |
---------------+-------+-----
Ranged Weapons | 3 |  3.0
Fighting       | |  1.8
Dodging        | |  1.5
Spellcasting   | |  1.0
Hexes          | |  2.6

Action                     || total
---------------------------++-------
   Fire: Sling             ||    69
    Use: Scroll            ||     2
 Armour: Robe              ||     6
  Dodge: Dodged            ||    22

Table legend:
 A = Non-vault XP
 B = Vault XP
 C = Vault XP percentage of total XP
 D = Non-vault monster count
 E = Vault monster count
 F = Vault count percentage of total count
                 A         B        C        D         E       F
            +---------+---------+-------+---------+---------+-------
      Total |      31 |       0 |   0.0 |      21 |       0 |   0.0
            +---------+---------+-------+---------+---------+-------
        D:1 |      31 |       0 |   0.0 |      21 |       0 |   0.0
            +---------+---------+-------+---------+---------+-------
